Map: Ascension to Aiur LE

Players

Stats - Winner!

  • Race: Protoss Protoss
  • Spawn Location: 5:00

SpeCial

  • Race: Terran Terran
  • Spawn Location: 11:00

Event: 2017 WCS Global Finals

VOD

Have the link to the VOD?

Description

Time

  • Played on: Oct. 27, 2017, 12:08 p.m.
  • Length: 14:12

All games in this series

Show
View Real Time Build Order
Export as new Build Order

Stats Protoss - Winner!

Build Orders: 1 Gate Expand, Oracle Opening 

Get SALT Encoding   

  12  0:01  Probe (Chrono Boost)  
  13  0:12  Probe (Chrono Boost)  
  14  0:17  Pylon  
  14  0:23  Probe (Chrono Boost)  
  15  0:35  Probe (Chrono Boost)  
  16  0:36  Gateway  
  16  0:42  Assimilator  
  16  0:45  Probe (Chrono Boost)  
  17  0:56  Probe (Chrono Boost)  
  18  1:06  Probe (Chrono Boost)  
  19  1:18  Nexus  
  19  1:29  Cybernetics Core  
  19  1:31  Probe (Chrono Boost)  
  20  1:36  Assimilator  
  20  1:42  Probe (Chrono Boost)  
  21  1:48  Pylon  
  21  1:52  Probe (Chrono Boost)  
  22  2:02  Probe (Chrono Boost)  
  22  2:06  Adept (Chrono Boost)  
  25  2:12  Warp Gate  
  25  2:14  Probe  
  26  2:26  Probe (Chrono Boost)  
  26  2:28  Adept (Chrono Boost), Stargate  
  26  2:29  Probe (Chrono Boost)  
  30  2:39  Probe (Chrono Boost)  
  30  2:41  Probe (Chrono Boost)  
  33  2:51  Adept, Probe (Chrono Boost)  
  33  2:52  Probe (Chrono Boost)  
  36  3:02  Probe (Chrono Boost)  
  36  3:03  Probe (Chrono Boost)  
  38  3:11  Oracle (Chrono Boost), Probe (Chrono Boost)  
  41  3:13  Probe  
  43  3:20  Pylon  
  43  3:22  Probe  
  43  3:26  Probe  
  45  3:37  Probe  
  45  3:38  Probe  
  47  3:43  Oracle (Chrono Boost)  
  47  3:44  Pylon  
  47  3:47  Mothership Core  
  50  3:54  Nexus  
  50  3:55  Probe  
  53  3:56  Pylon  
  53  4:15  Gateway  
  53  4:16  Probe (Chrono Boost)  
  51  4:17  Gateway  
  51  4:18  Probe (Chrono Boost)  
  53  4:24  Assimilator  
  53  4:28  Assimilator, Probe (Chrono Boost)  
  53  4:29  Probe (Chrono Boost), Twilight Council  
  55  4:31  Forge  
  55  4:32  Sentry  
  55  4:38  Probe (Chrono Boost)  
  55  4:40  Probe (Chrono Boost)  
  56  4:49  Probe (Chrono Boost)  
  56  4:50  Probe (Chrono Boost)  
  58  4:56  Robotics Facility  
  58  4:59  Probe (Chrono Boost)  
  59  5:01  Probe (Chrono Boost), Sentry  
  59  5:03  Pylon  
  59  5:05  Phoenix  
  59  5:06  Probe (Chrono Boost)  
  64  5:09  Protoss Ground Weapons Level 1 (Chrono Boost)  
  64  5:11  Probe x2  
  67  5:16  Probe  
  68  5:27  Probe  
  64  5:28  Probe x2  
  64  5:31  Adept x3  
  71  5:37  Pylon  
  71  5:42  Probe  
  71  5:43  Probe x2  
  71  5:45  Gateway  
  71  5:47  Gateway  
  71  5:49  Gateway  
  72  5:51  Gateway  
  72  5:52  Gateway  
  72  5:56  Adept  
  72  5:57  Adept  
  76  6:00  Stalker  
  76  6:02  Observer (Chrono Boost)  
  79  6:04  Resonating Glaives  
  79  6:11  Probe x3  
  81  6:18  Adept x2  
  85  6:23  Stalker  
  84  6:35  Phoenix  
  84  6:37  Probe x3  
  84  6:39  Stalker x2  
  93  6:44  Stalker, Protoss Ground Armor Level 1  
  95  7:00  Warp Prism (Chrono Boost)  
  97  7:01  Adept x2  
  93  7:13  Pylon  
  93  7:15  Pylon x2  
  85  7:17  Pylon  
  85  7:21  Adept x3  
  85  7:22  Adept x3  
  93  7:29  Blink  
  93  7:30  Pylon  
  93  7:32  Assimilator, Pylon  
  93  7:36  Assimilator  
  93  7:45  Stalker  
  93  7:46  Stalker x4  
  93  7:49  Adept x2  
  107  7:54  Observer (Chrono Boost)  
  105  8:05  Adept  
  105  8:09  Probe x3  
  110  8:21  Adept x2, Probe x3  
  110  8:22  Adept x5  
  127  8:28  Adept  
  127  8:31  Pylon  
  129  8:45  Adept x4  
  127  8:53  Pylon  
  127  8:55  Pylon  
  120  8:56  Observer (Chrono Boost)  
  120  9:01  Probe x3  
  120  9:07  Pylon  
  120  9:08  Assimilator  
  112  9:13  Probe x3  
  111  9:17  Adept x3  
  111  9:18  Adept  
  111  9:23  Warp Prism (Chrono Boost)  
  121  9:26  Adept x3, Templar Archives  
  125  9:39  Protoss Ground Weapons Level 2  
  123  9:47  Adept x5  
  123  9:48  Adept x3  
  139  9:57  Immortal (Chrono Boost)  
  143  10:01  Psionic Storm  
  143  10:17  Stalker x4  
  143  10:32  High Templar x4  
  151  10:37  Immortal (Chrono Boost)  
  151  10:41  Nexus  
  149  10:55  Adept x4  
  143  11:07  Adept x4  
  149  11:13  Pylon  
  149  11:16  Immortal (Chrono Boost)  
  147  11:27  Adept x2  
  147  11:28  Adept x2  
  149  11:38  Probe x3  
  149  11:39  High Templar x2  
  156  11:43  Pylon  
  156  11:45  Fleet Beacon  
  156  11:46  Stargate  
  156  11:58  Adept  
  156  11:59  Adept x5  
  166  12:14  Immortal (Chrono Boost)  
  166  12:15  Forge  
  170  12:20  Probe  
  170  12:21  Probe x2  
  170  12:22  Probe  
  162  12:29  Tempest  
  166  12:30  Assimilator x2  
  166  12:36  Tempest (Chrono Boost)  
  152  12:51  Stalker  
  152  12:52  Stalker x3  
  155  12:59  Probe  
  155  13:00  Probe x3  
  146  13:12  Tempest (Chrono Boost), Observer (Chrono Boost)  
  146  13:19  Tempest (Chrono Boost)  
  153  13:32  Adept x4  
  153  13:33  Adept x4  
  167  13:57  Pylon  
  167  13:59  Pylon  
  167  14:02  Zealot x3  
  167  14:03  Zealot  
  167  14:06  Archon  
Show
View Real Time Build Order
Export as new Build Order

SpeCial Terran 

Build Orders: Reaper Expand, MMM Bio 

Get SALT Encoding   

  12  0:00  SCV  
  13  0:12  SCV  
  14  0:17  Supply Depot  
  14  0:25  SCV  
  15  0:38  SCV  
  15  0:39  Barracks  
  16  0:43  Refinery  
  16  0:50  SCV  
  17  1:02  SCV  
  18  1:14  SCV  
  19  1:27  Reaper  
  19  1:28  Orbital Command  
  20  1:41  Command Center  
  20  1:52  Supply Depot  
  21  1:54  SCV  
  21  1:59  Marine  
  22  2:06  SCV  
  23  2:10  Factory  
  23  2:18  Refinery, SCV  
  23  2:21  Barracks Reactor  
  24  2:30  SCV  
  24  2:37  Barracks  
  25  2:42  SCV  
  26  2:53  Orbital Command  
  26  2:56  Starport  
  26  2:57  SCV  
  27  3:00  Widow Mine  
  27  3:02  Marine  
  30  3:06  Marine  
  30  3:09  SCV  
  32  3:20  SCV, Marine  
  32  3:21  SCV  
  32  3:23  Marine  
  36  3:28  Barracks Tech Lab  
  36  3:32  SCV  
  37  3:34  Factory Tech Lab  
  37  3:36  Widow Mine  
  37  3:37  Viking  
  40  3:43  SCV  
  40  3:45  SCV  
  40  3:46  Supply Depot  
  42  3:49  Marine  
  42  3:50  Marine x2  
  45  3:56  Stimpack  
  45  3:59  SCV  
  46  4:05  Supply Depot  
  46  4:07  Marine  
  46  4:08  SCV  
  46  4:09  Widow Mine  
  50  4:14  Medivac  
  50  4:17  SCV  
  50  4:20  SCV, Marine x2  
  54  4:26  Engineering Bay  
  54  4:30  Marine  
  55  4:31  SCV  
  55  4:32  SCV  
  55  4:36  Refinery  
  55  4:38  Marine x2  
  58  4:43  SCV  
  58  4:44  SCV, Factory Reactor  
  61  4:48  Marine  
  61  4:50  Liberator  
  62  4:52  Supply Depot  
  62  4:57  Terran Infantry Weapons Level 1  
  62  5:04  Barracks  
  62  5:07  SCV x2, Marine  
  62  5:08  Supply Depot  
  62  5:09  Marine x2  
  70  5:19  SCV x2  
  72  5:29  Marine  
  72  5:30  Marine x2  
  72  5:31  SCV x2  
  75  5:38  Supply Depot  
  75  5:42  Command Center  
  75  5:43  SCV x2  
  75  5:47  Marine x2, Factory Reactor  
  79  5:55  SCV x2  
  80  6:01  Medivac x2  
  80  6:02  Barracks Tech Lab  
  84  6:04  Barracks  
  84  6:06  Barracks  
  84  6:08  Supply Depot, Marine, Refinery  
  85  6:13  SCV x2  
  85  6:14  Marine x2  
  89  6:27  Marine x2  
  89  6:31  Medivac x2  
  93  6:33  Marauder, Widow Mine x2  
  93  6:35  SCV x2  
  101  6:45  Marine x2  
  101  6:50  SCV x2  
  100  6:59  Barracks Reactor  
  100  7:00  Barracks Tech Lab  
  100  7:01  Widow Mine, Orbital Command  
  100  7:02  Widow Mine  
  100  7:03  Marine x2  
  100  7:06  Medivac x2  
  100  7:09  Terran Infantry Armor Level 1  
  100  7:12  Marauder, SCV  
  98  7:19  Liberator  
  98  7:21  Marine  
  98  7:22  Marauder x2, Marine  
  100  7:24  Liberator, SCV  
  100  7:25  SCV  
  102  7:33  Marine  
  102  7:36  SCV  
  107  7:37  SCV  
  107  7:38  SCV  
  107  7:43  Combat Shields  
  107  7:44  Marauder  
  112  7:48  SCV  
  112  7:50  Supply Depot, Marine x2  
  112  7:51  Marine  
  115  7:52  Missile Turret  
  115  7:54  Marine  
  117  7:59  SCV  
  117  8:02  Liberator  
  117  8:08  Refinery x2  
  117  8:09  SCV, Marine  
  117  8:10  Supply Depot  
  117  8:12  Marauder x3, Marine  
  124  8:14  Supply Depot x2  
  124  8:16  Supply Depot  
  125  8:31  Supply Depot, Widow Mine x2, SCV, Marine x3  
  125  8:33  Supply Depot  
  133  8:35  Liberator, Armory  
  133  8:36  Engineering Bay  
  133  8:45  Liberator  
  133  8:47  Marauder, Marine  
  131  9:02  SCV x2  
  128  9:03  SCV  
  128  9:04  Marauder, Marine x2  
  127  9:14  SCV x2  
  127  9:15  SCV  
  128  9:18  Liberator  
  128  9:22  Marauder, Marine x2  
  132  9:27  Marine x2  
  132  9:28  Supply Depot, Marauder x2  
  132  9:29  Supply Depot, SCV x2  
  139  9:35  SCV  
  141  9:41  SCV, Marine x2  
  141  9:43  SCV  
  141  9:44  Marauder, Terran Infantry Weapons Level 2  
  147  9:47  SCV  
  147  9:48  Command Center, Marine  
  147  9:49  Refinery  
  147  9:50  Missile Turret  
  147  9:51  Supply Depot, Marauder  
  151  10:02  Sensor Tower  
  151  10:06  Ghost Academy  
  151  10:11  Marauder, Marine x3  
  151  10:12  Marauder, Marine  
  159  10:14  Liberator, SCV x2  
  159  10:15  SCV  
  156  10:25  Marauder  
  156  10:26  SCV  
  156  10:27  SCV x2  
  153  10:33  Widow Mine  
  145  10:39  SCV  
  144  10:43  SCV x2  
  145  10:51  SCV  
  145  10:55  Ghost x2, Marine  
  145  10:56  Marine  
  143  11:04  SCV x3  
  143  11:09  Ghost  
  143  11:10  Marine  
  143  11:11  Marine  
  150  11:19  Terran Infantry Armor Level 2  
  146  11:28  SCV  
  146  11:29  SCV x2  
  147  11:35  Marine  
  147  11:36  Marine x3  
  147  11:38  Marine  
  152  11:41  SCV x3  
  152  11:43  Marauder, Marine  
  158  11:48  Missile Turret  
  158  11:53  SCV x2, Marine  
  158  11:54  Marine  
  150  11:56  Marauder  
  150  11:57  Marine  
  150  11:58  Marine  
  152  12:01  Marauder  
  152  12:04  SCV  
  152  12:05  Marauder, SCV  
  155  12:08  Liberator x2  
  155  12:11  Marine  
  153  12:18  Marauder  
  153  12:22  Ghost  
  151  12:26  Marauder  
  151  12:29  Marine  
  160  12:32  SCV x3  
  163  12:39  Marauder  
  164  12:47  Marauder  
  164  12:50  Ghost  
  156  12:51  Liberator  
  145  13:03  Ghost  
  130  13:07  SCV x2  
  130  13:08  SCV, Ghost  
  138  13:14  Marine  
  138  13:15  Marine  
  138  13:17  Marine  
  138  13:19  SCV  
  142  13:20  Marine  
  143  13:28  Marauder  
  143  13:32  Marine  
  143  13:33  Marine x2  
  139  13:50  Marauder, Marine  
Tags
 
Add a new tag
Caveats
  • Supply blocks, unpowered buildings, or Contaminate may cause inaccurate times.
  • Supply counts are checked every 10 seconds.